 Dungeon Crawl Stone Soup version 0.32-a0-779-g362cfcae2a (webtiles) character file.

Game seed: 352136047086189794

95 kae the Slasher (level 4, -8/33 HPs)
             Began as a Coglin Gladiator on Mar 19, 2024.
             Killed by nerve-wracking pain
             ... invoked by Grinder
              (14 damage)
             ... while paralysed by Grinder
             ... on level 3 of the Dungeon.
             The game lasted 00:00:53 (1607 turns).

kae the Slasher (Coglin Gladiator)                  Turns: 1607, Time: 00:00:54

Health: -8/33      AC: 13    Str: 14    XL:     4   Next: 66%
Magic:  4/4        EV:  2    Int:  8    God:
Gold:   108        SH:  0    Dex: 17    Spells: 3/3 levels left

rFire   . . .        a - +0 long sword {Njabulo}
rCold   . . .        h - +1 short sword (venom) {Dongyul}
rNeg    . . .        r - +4 chain mail
rPois   .            c - +0 helmet
rElec   .            (no cloak)
rCorr   .            (no gloves)
SInv    .            (no boots)
Will    .....        (amulet unavailable) Stlth
                     (ring unavailable)
HPRegen 0.25/turn    (ring unavailable)
MPRegen 0.09/turn    (no gizmo)

%: no passive effects
@: paralysed, brilliant, slowed, revved
A: off-hand wielding, slow wielding, warmup strikes, no jewellery
a: Invent Gizmo


You were on level 3 of the Dungeon.
You visited 1 branch of the dungeon, and saw 3 of its levels.

You collected 108 gold pieces.


Innate Abilities, Weirdness & Mutations

You can wield a second weapon in your off-hand.
It takes a long time for you to wield or remove held weapons.
Your first few attacks do less damage.
You cannot equip rings or amulets.


   Skills:
 - Level 2.0 Fighting
 + Level 5.2 Long Blades
 - Level 1.7 Throwing
 - Level 2.6 Dodging


You had 3 spell levels left.
You didn't know any spells.
Your spell library contained the following spells:

 Spells                   Type           Power      Damage    Failure   Level
 Fugue of the Fallen      Necr           0%         N/A       100%        3
 Ozocubu's Armour         Ice            0%         N/A       100%        3
 Manifold Assault         Tloc           0%         N/A       100%        4

Inventory:

Hand Weapons
 a - a +0 long sword (weapon) {Njabulo}
 f - a +0 dagger {Chujiro}
 h - a +1 short sword of venom (offhand) {Dongyul}
   (You took it off a kobold on level 1 of the Dungeon)
Missiles
 d - 3 throwing nets (quivered) {=f!f}
 e - a javelin
 p - 26 stones
 q - 3 boomerangs
 s - 11 poisoned darts
Armour
 b - a +0 leather armour
 c - a +0 helmet (worn)
 r - a +4 chain mail (worn)
   (You found it on level 2 of the Dungeon)
Jewellery
 v - a ring of see invisible
   (You found it on level 2 of the Dungeon)
Wands
 n - a wand of polymorph (7)
   (You found it on level 2 of the Dungeon)
 x - a wand of flame (16)
   (You found it on level 3 of the Dungeon)
Scrolls
 k - a scroll of enchant weapon {unknown}
 m - 3 scrolls of summoning {unknown}
 o - 2 scrolls of teleportation {unknown}
 t - a scroll of poison {unknown}
 u - a scroll of enchant armour {unknown}
 w - a scroll of identify {unknown}
Potions
 i - 2 potions of heal wounds {unknown}
 j - 3 potions of berserk rage {unknown}
 l - a potion of curing {unknown}

Dungeon Overview and Level Annotations

Branches:
Dungeon (3/15) Zot: 16388

Altars:
Ashenzari

Annotations:
D:3 Grinder

..#.......<
.....(..=....#........
............#....###.
#...........#.<.. ..
#...........#.... ..
#?........ #.... #..
#....... #.. #..
#.....# ... #..
#...@r# .......
#..5).# .......
#####.....# .......
#...<.....##.......
#..................
#..................
#..................
#..................
#....######........


You could see Grinder (poisoned) and a rat.


Message History

w - a scroll labelled KEMOSTR JYTI No target in view!
No target in view!
You open the door.
There is an open door here.
m - 3 scrolls labelled ZOTECZIJEG (gained 2) Key pressed, stopping explore.
No target in view!
No target in view!
A kobold comes into view.
It is wielding a +1 short sword of holy wrath.
A kobold is nearby!
You hit the kobold with your +0 long sword.
You hit the kobold with your +1 short sword of venom.
You kill the kobold!
No target in view!
p - 26 stones (gained 5)
You see here a +1 short sword of holy wrath.
No target in view!
No target in view!
x - a wand of flame (16) No target in view!
No target in view!
You open the door.
There is an open door here.
Found a stone staircase leading up.
No target in view!
No target in view!
Jessica the Apprentice Sorceress comes into view.
She is wielding a +0 club.
Jessica shouts!
Grinder comes into view.
A rat comes into view.
Grinder shouts!
The rat squeaks loudly.
Jessica casts a spell.
Jessica blinks!
Grinder hits you.
You writhe in agony.
You barely miss Grinder with your +0 long sword.
You hit Grinder with your +1 short sword of venom.
Grinder closely misses you. 😕 HP[-5]
You take 5 damage, and now have 28/33 hp.
You barely miss Grinder with your +1 short sword of venom.
You hit Grinder but do no damage. Grinder hits you but does no damage.
The rat bites you but does no damage.
You hit Grinder with your +0 long sword.
You completely miss Grinder with your +1 short sword of venom.
Grinder hits you but does no damage. Jessica hits you but does no damage.
The rat bites you but does no damage. 😕 HP[+1] Unknown command.
Unknown command.
You barely miss Grinder with your +0 long sword.
You hit Grinder with your +1 short sword of venom.
Grinder is poisoned.
Grinder gestures at you. Pain shoots through your body! The rat bites you.
Jessica hits you with a +0 club.
You are too injured to fight recklessly! 😮 HP[-12]
You take 12 damage, and now have 17/33 hp.
MASSIVE DAMAGE!! (PAUSE)
You hit Grinder with your +1 short sword of venom.
You slash Grinder with your +0 long sword!
Grinder blinks!
The rat bites you but does no damage. Jessica hits you but does no damage.
The rat closely misses you.
Unknown command.
You hit Jessica but do no damage.
Jessica is poisoned.
You hit Jessica but do no damage. Jessica hits you but does no damage.
The rat closely misses you. 😮 HP[+1] Unknown command.
You hit Jessica with your +0 long sword.
You hit Jessica with your +1 short sword of venom.
Jessica looks as sick as possible!
Jessica casts a spell at you.
You feel yourself slow down. Grinder hits you.
* * * LOW HITPOINT WARNING * * *
You writhe in agony.
* * * LOW HITPOINT WARNING * * *
The rat bites you but does no damage. 😨 HP[-7]
You take 7 damage, and now have 11/33 hp.
MASSIVE DAMAGE!! (PAUSE) It was a potion of brilliance.
You feel clever all of a sudden.
You kill Jessica!
The rat bites you but does no damage. Grinder gestures at you.
Pain shoots through your body!
* * * LOW HITPOINT WARNING * * *
The rat bites you but does no damage. Grinder gestures at you.
You suddenly lose the ability to move!
Your Long Blades skill increases to level 5!
The rat bites you but does no damage. Grinder gestures at you.
Pain shoots through your body!
You die...
Grinder says, "Now the real fun starts!"

Skill      XL: |  1  2  3  4 |
---------------+-------------+-----
Long Blades    | 4 5 |  5.2
Fighting       | |  2.0
Throwing       | |  1.7
Dodging        | |  2.6

Action                     |  1- 3 |  4- 6 || total
---------------------------+-------+-------++-------
  Melee: Long sword        |    58 |    21 ||    79
         Dagger            |    10 |       ||    10
         Short sword       |    42 |    19 ||    61
    Use: Potion            |       |     1 ||     1
 Armour: Leather armour    |    27 |       ||    27
         Chain mail        |       |    27 ||    27
  Dodge: Dodged            |    31 |     7 ||    38

Levels and vault maps discovered:
D:1:      dreamdust_arrival_beginning_and_end, layout_basic,
          chequers_ecumenical_altar_simple_redux, amethyst_killhole,
          minmay_worlds_worst_comb
D:2:      layout_rooms
D:3:      layout_basic, lemuel_coloured_pillars_altar, lemuel_crystal_altar,
          roderic_serpentine_path, uniq_sigmund, uniq_jessica, uniq_grinder

Notes
Turn   | Place    | Note
-------+----------+-------------------------------------------
     0 | D:1      | kae the Coglin Gladiator began the quest for the Orb.
     0 | D:1      | Reached XP level 1. HP: 16/16 MP: 1/1
     0 | D:1      | magus.rc [v1.11.3]
   154 | D:1      | Reached XP level 2. HP: 22/22 MP: 2/2
   650 | D:1      | Found a faded altar of an unknown god.
   657 | D:1      | Reached skill level 4 in Long Blades
   820 | D:2      | Reached XP level 3. HP: 19/27 MP: 3/3
  1066 | D:2      | Reached XP level 4. HP: 33/33 MP: 4/4
  1131 | D:2      | You pick up a book of Battle and begin reading...
  1131 | D:2      | You add the spells Fugue of the Fallen, Ozocubu's Armour
                  | and Manifold Assault to your library.
  1344 | D:3      | Found a broken altar of Ashenzari.
  1592 | D:3      | Noticed Jessica
  1594 | D:3      | Noticed Grinder
  1606 | D:3      | Killed Jessica
  1606 | D:3      | HP: 5/33 [Grinder/nerve-wracking pain (6)]
  1606 | D:3      | Paralysed by Grinder for 3 turns
  1607 | D:3      | Reached skill level 5 in Long Blades
  1607 | D:3      | Killed from afar by Grinder

Vanquished Creatures
  Jessica (D:3)
  2 adders (D:2)
  A dart slug (D:2)
  3 endoplasms
  6 giant cockroaches
  4 goblins
  3 jackals (D:2)
  5 quokkas
  7 ball pythons
  4 bats
  3 frilled lizards
  4 kobolds
  4 rats (D:2)
47 creatures vanquished.

Table legend:
 A = Non-vault XP
 B = Vault XP
 C = Vault XP percentage of total XP
 D = Non-vault monster count
 E = Vault monster count
 F = Vault count percentage of total count
                 A         B        C        D         E       F
            +---------+---------+-------+---------+---------+-------
      Total |      92 |      45 |  32.8 |      42 |       5 |  10.6
            +---------+---------+-------+---------+---------+-------
        D:1 |      23 |       8 |  25.8 |      16 |       4 |  20.0
        D:2 |      58 |       0 |   0.0 |      20 |       0 |   0.0
        D:3 |      11 |      37 |  77.1 |       6 |       1 |  14.3
            +---------+---------+-------+---------+---------+-------

Skill      XL: |  1  2  3  4 |
---------------+-------------+-----
Long Blades    | 4 5 |  5.2
Fighting       | |  2.0
Throwing       | |  1.7
Dodging        | |  2.6

Action                     |  1- 3 |  4- 6 || total
---------------------------+-------+-------++-------
  Melee: Long sword        |    58 |    21 ||    79
         Dagger            |    10 |       ||    10
         Short sword       |    42 |    19 ||    61
    Use: Potion            |       |     1 ||     1
 Armour: Leather armour    |    27 |       ||    27
         Chain mail        |       |    27 ||    27
  Dodge: Dodged            |    31 |     7 ||    38

Illustrated notes

Table legend:
 A = Kills in this place as a percentage of kills in the entire game.
 B = Kills by you in this place as a percentage of kills by you in the entire game.
 C = Kills by friends in this place as a percentage of kills by friends in the entire game.
 D = Other kills in this place as a percentage of other kills in the entire game.
 E = Experience gained in this place as a percentage of experience gained in the entire game.
 F = Experience gained in this place divided by the number of levels of this place that you have seen.
                   A       B       C       D       E      F
               +-------+-------+-------+-------+-------+----------------------
         Total | 100.0 | 100.0 |   N/A |   N/A | 100.0 |  45.7
       Dungeon | 100.0 | 100.0 |   N/A |   N/A | 100.0 |  45.7
               +-------+-------+-------+-------+-------+----------------------

Table legend: (Time is in decaauts)
 A = Elapsed time spent in this place.
 B = Non-inter-level travel time spent in this place.
 C = Inter-level travel time spent in this place.
 D = Time resting spent in this place.
 E = Time spent auto-exploring this place.
 F = Levels seen in this place.
 G = Mean time per level.
                   A        B        C        D        E       F      G
               +--------+--------+--------+--------+--------+-----+--------+
         Total |   1610 |   1514 |     96 |      0 |   1254 |   3 |  536.7 |
       Dungeon |   1610 |   1514 |     96 |      0 |   1254 |   3 |  536.7 |
               +--------+--------+--------+--------+--------+-----+--------+

Top non-repeatable levels by time:
     D:1: 814 daAuts
     D:2: 509 daAuts
     D:3: 286 daAuts
